Workbook

Sheet Now, Sum, Min, Max, Average, If
A1: Profit Per Service as of: | D1: =NOW() -> 42983.905
B3: Income | C3: Expense | D3: Profit
A4: Board | B4: 600 | C4: 575 | D4: =SUM(B4-C4) -> 25
A5: Lessons | B5: 75 | C5: 15 | D5: =SUM(B5-C5) -> 60
A6: Training | B6: 75 | C6: 40 | D6: =SUM(B6-C6) -> 35
C7: Total Profit: | D7: =SUM(D4:D6) -> 120
B8: Minimum Profit: | D8: =MIN(D4:D6) -> 25
B9: Maximum Profit: | D9: =MAX(D4:D6) -> 60
C10: Average: | D10: =AVERAGE(D4:D6) -> 40
B12: =IF(D7>0,"Congratulations! You are making a profit!","Oh no! You are losing money!") -> Congratulations! You are making a profit!

Sheet Sort, Conditional Formatting
A1: Quarter | B1: Client | C1: Service | D1: Quantity | E1: Profit
A2: First | B2: Lisa | C2: Board | D2: 5 | E2: ='Now, Sum, Min, Max, Average, If'!$D$4*D2 -> 125
A3: Second | B3: Lisa | C3: Board | D3: 5 | E3: ='Now, Sum, Min, Max, Average, If'!$D$4*D3 -> 125
A4: Third | B4: Lisa | C4: Board | D4: 4 | E4: ='Now, Sum, Min, Max, Average, If'!$D$4*D4 -> 100
A5: Fourth | B5: Lisa | C5: Board | D5: 4 | E5: ='Now, Sum, Min, Max, Average, If'!$D$4*D5 -> 100
A6: First | B6: Mary | C6: Board | D6: 1 | E6: ='Now, Sum, Min, Max, Average, If'!$D$4*D6 -> 25
A7: Second | B7: Mary | C7: Board | D7: 2 | E7: ='Now, Sum, Min, Max, Average, If'!$D$4*D7 -> 50
A8: Third | B8: Mary | C8: Board | D8: 2 | E8: ='Now, Sum, Min, Max, Average, If'!$D$4*D8 -> 50
A9: Fourth | B9: Mary | C9: Board | D9: 2 | E9: ='Now, Sum, Min, Max, Average, If'!$D$4*D9 -> 50
A10: First | B10: Pam | C10: Board | D10: 1 | E10: ='Now, Sum, Min, Max, Average, If'!$D$4*D10 -> 25
A11: Fourth | B11: Pam | C11: Board | D11: 1 | E11: ='Now, Sum, Min, Max, Average, If'!$D$4*D11 -> 25
A12: First | B12: Brenda | C12: Lessons | D12: 4 | E12: ='Now, Sum, Min, Max, Average, If'!$D$5*D12 -> 240
A13: Second | B13: Brenda | C13: Lessons | D13: 4 | E13: ='Now, Sum, Min, Max, Average, If'!$D$5*D13 -> 240
A14: Third | B14: Brenda | C14: Lessons | D14: 4 | E14: ='Now, Sum, Min, Max, Average, If'!$D$5*D14 -> 240
A15: Fourth | B15: Brenda | C15: Lessons | D15: 4 | E15: ='Now, Sum, Min, Max, Average, If'!$D$5*D15 -> 240
A16: First | B16: Lisa | C16: Lessons | D16: 8 | E16: ='Now, Sum, Min, Max, Average, If'!$D$5*D16 -> 480
A17: Second | B17: Lisa | C17: Lessons | D17: 7 | E17: ='Now, Sum, Min, Max, Average, If'!$D$5*D17 -> 420
A18: Third | B18: Lisa | C18: Lessons | D18: 6 | E18: ='Now, Sum, Min, Max, Average, If'!$D$5*D18 -> 360
A19: Fourth | B19: Lisa | C19: Lessons | D19: 8 | E19: ='Now, Sum, Min, Max, Average, If'!$D$5*D19 -> 480
A20: First | B20: Mary | C20: Lessons | D20: 12 | E20: ='Now, Sum, Min, Max, Average, If'!$D$5*D20 -> 720
A21: Second | B21: Mary | C21: Lessons | D21: 10 | E21: ='Now, Sum, Min, Max, Average, If'!$D$5*D21 -> 600
A22: Third | B22: Mary | C22: Lessons | D22: 24 | E22: ='Now, Sum, Min, Max, Average, If'!$D$5*D22 -> 1440
A23: Fourth | B23: Mary | C23: Lessons | D23: 12 | E23: ='Now, Sum, Min, Max, Average, If'!$D$5*D23 -> 720
... A25: Fourth | B25: Pam | C25: Lessons | D25: 8 | E25: ='Now, Sum, Min, Max, Average, If'!$D$5*D25 -> 480
A26: First | B26: Brenda | C26: Training | D26: 4 | E26: ='Now, Sum, Min, Max, Average, If'!$D$6*D26 -> 140
A27: Second | B27: Brenda | C27: Training | D27: 4 | E27: ='Now, Sum, Min, Max, Average, If'!$D$6*D27 -> 140
A28: Third | B28: Brenda | C28: Training | D28: 4 | E28: ='Now, Sum, Min, Max, Average, If'!$D$6*D28 -> 140
A29: Fourth | B29: Brenda | C29: Training | D29: 4 | E29: ='Now, Sum, Min, Max, Average, If'!$D$6*D29 -> 140
A30: First | B30: Lisa | C30: Training | D30: 12 | E30: ='Now, Sum, Min, Max, Average, If'!$D$6*D30 -> 420
A31: Second | B31: Lisa | C31: Training | D31: 12 | E31: ='Now, Sum, Min, Max, Average, If'!$D$6*D31 -> 420
A32: Third | B32: Lisa | C32: Training | D32: 12 | E32: ='Now, Sum, Min, Max, Average, If'!$D$6*D32 -> 420
A33: Fourth | B33: Lisa | C33: Training | D33: 12 | E33: ='Now, Sum, Min, Max, Average, If'!$D$6*D33 -> 420
A34: First | B34: Pam | C34: Training | D34: 4 | E34: ='Now, Sum, Min, Max, Average, If'!$D$6*D34 -> 140
A35: Fourth | B35: Pam | C35: Training | D35: 4 | E35: ='Now, Sum, Min, Max, Average, If'!$D$6*D35 -> 140

Sheet Subtotals
A1: Quarter | B1: Client | C1: Service | D1: Quantity | E1: Profit
A2: First | B2: Lisa | C2: Board | D2: 5 | E2: ='Now, Sum, Min, Max, Average, If'!$D$4*D2 -> 125
A3: First | B3: Mary | C3: Board | D3: 1 | E3: ='Now, Sum, Min, Max, Average, If'!$D$4*D3 -> 25
A4: First | B4: Pam | C4: Board | D4: 1 | E4: ='Now, Sum, Min, Max, Average, If'!$D$4*D4 -> 25
A5: First | B5: Brenda | C5: Lessons | D5: 4 | E5: ='Now, Sum, Min, Max, Average, If'!$D$5*D5 -> 240
A6: First | B6: Lisa | C6: Lessons | D6: 8 | E6: ='Now, Sum, Min, Max, Average, If'!$D$5*D6 -> 480
A7: First | B7: Mary | C7: Lessons | D7: 12 | E7: ='Now, Sum, Min, Max, Average, If'!$D$5*D7 -> 720
A8: First | B8: Pam | C8: Lessons | D8: 8 | E8: ='Now, Sum, Min, Max, Average, If'!$D$5*D8 -> 480
A9: First | B9: Brenda | C9: Training | D9: 4 | E9: ='Now, Sum, Min, Max, Average, If'!$D$6*D9 -> 140
A10: First | B10: Lisa | C10: Training | D10: 12 | E10: ='Now, Sum, Min, Max, Average, If'!$D$6*D10 -> 420
A11: First | B11: Pam | C11: Training | D11: 4 | E11: ='Now, Sum, Min, Max, Average, If'!$D$6*D11 -> 140
A12: First Total | E12: =SUBTOTAL(9,E2:E11) -> 2795
A13: Second | B13: Lisa | C13: Board | D13: 5 | E13: ='Now, Sum, Min, Max, Average, If'!$D$4*D13 -> 125
A14: Second | B14: Mary | C14: Board | D14: 2 | E14: ='Now, Sum, Min, Max, Average, If'!$D$4*D14 -> 50
A15: Second | B15: Brenda | C15: Lessons | D15: 4 | E15: ='Now, Sum, Min, Max, Average, If'!$D$5*D15 -> 240
A16: Second | B16: Lisa | C16: Lessons | D16: 7 | E16: ='Now, Sum, Min, Max, Average, If'!$D$5*D16 -> 420
A17: Second | B17: Mary | C17: Lessons | D17: 10 | E17: ='Now, Sum, Min, Max, Average, If'!$D$5*D17 -> 600
A18: Second | B18: Brenda | C18: Training | D18: 4 | E18: ='Now, Sum, Min, Max, Average, If'!$D$6*D18 -> 140
A19: Second | B19: Lisa | C19: Training | D19: 12 | E19: ='Now, Sum, Min, Max, Average, If'!$D$6*D19 -> 420
A20: Second Total | E20: =SUBTOTAL(9,E13:E19) -> 1995
A21: Third | B21: Lisa | C21: Board | D21: 4 | E21: ='Now, Sum, Min, Max, Average, If'!$D$4*D21 -> 100
A22: Third | B22: Mary | C22: Board | D22: 2 | E22: ='Now, Sum, Min, Max, Average, If'!$D$4*D22 -> 50
A23: Third | B23: Brenda | C23: Lessons | D23: 4 | E23: ='Now, Sum, Min, Max, Average, If'!$D$5*D23 -> 240
A24: Third | B24: Lisa | C24: Lessons | D24: 6 | E24: ='Now, Sum, Min, Max, Average, If'!$D$5*D24 -> 360
A25: Third | B25: Mary | C25: Lessons | D25: 24 | E25: ='Now, Sum, Min, Max, Average, If'!$D$5*D25 -> 1440
A26: Third | B26: Brenda | C26: Training | D26: 4 | E26: ='Now, Sum, Min, Max, Average, If'!$D$6*D26 -> 140
A27: Third | B27: Lisa | C27: Training | D27: 12 | E27: ='Now, Sum, Min, Max, Average, If'!$D$6*D27 -> 420
A28: Third Total | E28: =SUBTOTAL(9,E21:E27) -> 2750
A29: Fourth | B29: Lisa | C29: Board | D29: 4 | E29: ='Now, Sum, Min, Max, Average, If'!$D$4*D29 -> 100
A30: Fourth | B30: Mary | C30: Board | D30: 2 | E30: ='Now, Sum, Min, Max, Average, If'!$D$4*D30 -> 50
A31: Fourth | B31: Pam | C31: Board | D31: 1 | E31: ='Now, Sum, Min, Max, Average, If'!$D$4*D31 -> 25
A32: Fourth | B32: Brenda | C32: Lessons | D32: 4 | E32: ='Now, Sum, Min, Max, Average, If'!$D$5*D32 -> 240
A33: Fourth | B33: Lisa | C33: Lessons | D33: 8 | E33: ='Now, Sum, Min, Max, Average, If'!$D$5*D33 -> 480
A34: Fourth | B34: Mary | C34: Lessons | D34: 12 | E34: ='Now, Sum, Min, Max, Average, If'!$D$5*D34 -> 720
A35: Fourth | B35: Pam | C35: Lessons | D35: 8 | E35: ='Now, Sum, Min, Max, Average, If'!$D$5*D35 -> 480
A36: Fourth | B36: Brenda | C36: Training | D36: 4 | E36: ='Now, Sum, Min, Max, Average, If'!$D$6*D36 -> 140
A37: Fourth | B37: Lisa | C37: Training | D37: 12 | E37: ='Now, Sum, Min, Max, Average, If'!$D$6*D37 -> 420
A38: Fourth | B38: Pam | C38: Training | D38: 4 | E38: ='Now, Sum, Min, Max, Average, If'!$D$6*D38 -> 140
A39: Fourth Total | E39: =SUBTOTAL(9,E29:E38) -> 2795
A40: Grand Total | E40: =SUBTOTAL(9,E2:E38) -> 10335

Sheet AutoFilter
A1: Quarter | B1: Client | C1: Service | D1: Quantity | E1: Profit
A2: First | B2: Lisa | C2: Board | D2: 5 | E2: ='Now, Sum, Min, Max, Average, If'!$D$4*D2 -> 125
A3: Second | B3: Lisa | C3: Board | D3: 5 | E3: ='Now, Sum, Min, Max, Average, If'!$D$4*D3 -> 125
A4: Third | B4: Lisa | C4: Board | D4: 4 | E4: ='Now, Sum, Min, Max, Average, If'!$D$4*D4 -> 100
A5: Fourth | B5: Lisa | C5: Board | D5: 4 | E5: ='Now, Sum, Min, Max, Average, If'!$D$4*D5 -> 100
A6: First | B6: Mary | C6: Board | D6: 1 | E6: ='Now, Sum, Min, Max, Average, If'!$D$4*D6 -> 25
A7: Second | B7: Mary | C7: Board | D7: 2 | E7: ='Now, Sum, Min, Max, Average, If'!$D$4*D7 -> 50
A8: Third | B8: Mary | C8: Board | D8: 2 | E8: ='Now, Sum, Min, Max, Average, If'!$D$4*D8 -> 50
A9: Fourth | B9: Mary | C9: Board | D9: 2 | E9: ='Now, Sum, Min, Max, Average, If'!$D$4*D9 -> 50
A10: First | B10: Pam | C10: Board | D10: 1 | E10: ='Now, Sum, Min, Max, Average, If'!$D$4*D10 -> 25
A11: Fourth | B11: Pam | C11: Board | D11: 1 | E11: ='Now, Sum, Min, Max, Average, If'!$D$4*D11 -> 25
A12: First | B12: Brenda | C12: Lessons | D12: 4 | E12: ='Now, Sum, Min, Max, Average, If'!$D$5*D12 -> 240
A13: Second | B13: Brenda | C13: Lessons | D13: 4 | E13: ='Now, Sum, Min, Max, Average, If'!$D$5*D13 -> 240
A14: Third | B14: Brenda | C14: Lessons | D14: 4 | E14: ='Now, Sum, Min, Max, Average, If'!$D$5*D14 -> 240
A15: Fourth | B15: Brenda | C15: Lessons | D15: 4 | E15: ='Now, Sum, Min, Max, Average, If'!$D$5*D15 -> 240
A16: First | B16: Lisa | C16: Lessons | D16: 8 | E16: ='Now, Sum, Min, Max, Average, If'!$D$5*D16 -> 480
A17: Second | B17: Lisa | C17: Lessons | D17: 7 | E17: ='Now, Sum, Min, Max, Average, If'!$D$5*D17 -> 420
A18: Third | B18: Lisa | C18: Lessons | D18: 6 | E18: ='Now, Sum, Min, Max, Average, If'!$D$5*D18 -> 360
A19: Fourth | B19: Lisa | C19: Lessons | D19: 8 | E19: ='Now, Sum, Min, Max, Average, If'!$D$5*D19 -> 480
A20: First | B20: Mary | C20: Lessons | D20: 12 | E20: ='Now, Sum, Min, Max, Average, If'!$D$5*D20 -> 720
A21: Second | B21: Mary | C21: Lessons | D21: 10 | E21: ='Now, Sum, Min, Max, Average, If'!$D$5*D21 -> 600
A22: Third | B22: Mary | C22: Lessons | D22: 24 | E22: ='Now, Sum, Min, Max, Average, If'!$D$5*D22 -> 1440
A23: Fourth | B23: Mary | C23: Lessons | D23: 12 | E23: ='Now, Sum, Min, Max, Average, If'!$D$5*D23 -> 720
... A25: Fourth | B25: Pam | C25: Lessons | D25: 8 | E25: ='Now, Sum, Min, Max, Average, If'!$D$5*D25 -> 480
A26: First | B26: Brenda | C26: Training | D26: 4 | E26: ='Now, Sum, Min, Max, Average, If'!$D$6*D26 -> 140
A27: Second | B27: Brenda | C27: Training | D27: 4 | E27: ='Now, Sum, Min, Max, Average, If'!$D$6*D27 -> 140
A28: Third | B28: Brenda | C28: Training | D28: 4 | E28: ='Now, Sum, Min, Max, Average, If'!$D$6*D28 -> 140
A29: Fourth | B29: Brenda | C29: Training | D29: 4 | E29: ='Now, Sum, Min, Max, Average, If'!$D$6*D29 -> 140
A30: First | B30: Lisa | C30: Training | D30: 12 | E30: ='Now, Sum, Min, Max, Average, If'!$D$6*D30 -> 420
A31: Second | B31: Lisa | C31: Training | D31: 12 | E31: ='Now, Sum, Min, Max, Average, If'!$D$6*D31 -> 420
A32: Third | B32: Lisa | C32: Training | D32: 12 | E32: ='Now, Sum, Min, Max, Average, If'!$D$6*D32 -> 420
A33: Fourth | B33: Lisa | C33: Training | D33: 12 | E33: ='Now, Sum, Min, Max, Average, If'!$D$6*D33 -> 420
A34: First | B34: Pam | C34: Training | D34: 4 | E34: ='Now, Sum, Min, Max, Average, If'!$D$6*D34 -> 140
A35: Fourth | B35: Pam | C35: Training | D35: 4 | E35: ='Now, Sum, Min, Max, Average, If'!$D$6*D35 -> 140

Sheet Chart
A1: Total Profit Per Client
B3: Board | C3: Lessons | D3: Training | E3: Total
A4: Lisa | B4: 450 | C4: 1740 | D4: 1680 | E4: =SUM(B4:D4) -> 3870
A5: Pam | B5: 50 | C5: 960 | D5: 280 | E5: =SUM(B5:D5) -> 1290
A6: Mary | B6: 175 | C6: 3480 | D6: 0 | E6: =SUM(B6:D6) -> 3655
A7: Brenda | B7: 0 | C7: 960 | D7: 560 | E7: =SUM(B7:D7) -> 1520

Sheet Pivot Table, Pivot Chart
A1: Client | B1: (All)
A3: Sum of Profit | B3: Column Labels
A4: Row Labels | B4: Board | C4: Lessons | D4: Training | E4: Grand Total
A5: First | B5: 175 | C5: 1920 | D5: 700 | E5: 2795
A6: Second | B6: 175 | C6: 1260 | D6: 560 | E6: 1995
A7: Third | B7: 150 | C7: 2040 | D7: 560 | E7: 2750
A8: Fourth | B8: 175 | C8: 1920 | D8: 700 | E8: 2795
A9: Grand Total | B9: 675 | C9: 7140 | D9: 2520 | E9: 10335

Sheet Solver
A1: I want my horse business to make as much as it can every month. Below is how much profit I make from each service. My barn is full (10 horses). In Solver B, I can't offer training and lessons for more than 112 hours per month because the barn takes 140 hours. In Solver A, I have hired someone to do the barn so I can have more time to offer services. This give me 240 hours to offer either training or lessons.
A6: Income Per Month with 1 Employee (Solver A) | I6: Income Per Month Only Self (Solver B)
A8: Profit Per Service | D8: Time Per Service | I8: Profit Per Service | L8: Time Per Service
A9: Lessons | B9: 60 | D9: Lessons | E9: =60/60 -> 1 | F9: hours | I9: Lessons | J9: 60 | L9: Lessons | M9: =60/60 -> 1 | N9: hours
A10: Training | B10: 35 | D10: Training | E10: =45/60 -> 0.75 | F10: hours | I10: Training | J10: 35 | L10: Training | M10: =45/60 -> 0.75 | N10: hours
A11: Board | B11: 25 | I11: Board | J11: 25
A13: Constraints | I13: Constraints
A14: Board = 10 horses | I14: Board = 10 horses
A15: Lessons + Training Time <= 240 hours | I15: Lessons + Training Time <= 150 hours
A17: Number of Services | D17: Total Time of Services | I17: Number of Services | L17: Total Time of Services
A18: Lessons | B18: 240 | D18: Lessons | E18: =B18*E9 -> 240 | F18: hours | I18: Lessons | J18: 150 | L18: Lessons | M18: =J18*M9 -> 150 | N18: hours
A19: Training | B19: 0 | D19: Training | E19: =B19*E10 -> 0 | F19: hours | I19: Training | J19: 0 | L19: Training | M19: =J19*M10 -> 0 | N19: hours
A20: Board | B20: 10 | D20: Total Time | E20: =SUM(E18:E19) -> 240 | F20: hours | I20: Board | J20: 10 | L20: Total Time | M20: =SUM(M18:M19) -> 150 | N20: hours
A21: Lessons+Training | B21: =B18+B19 -> 240 | I21: Lessons+Training | J21: =J18+J19 -> 150
A23: Maximum Profit: | B23: =B9*B18+B10*B19+B11*B20 -> 14650 | I23: Maximum Profit: | J23: =J9*J18+J10*J19+J11*J20 -> 9250

Sheet Goal Seek
A1: I want to buy a truck and trailer to be able to haul any horses to the vet in case of an emergency. I don't want my montly payment to be more than $600 a month, and my loan would be for 36 months with a 4.5% interest rate. What is the most I can spend on a truck and trailer?
A4: Maximum Monthly Payment: | D4: =E8/C6+(E8*0.045/C6) -> 600
A5: Interest Rate: | C5: 0.045
A6: Loan Term: | C6: 36 | D6: Months
A8: Price of Truck and Trailer Combined: | E8: 20669.856

Sheet Scenario Data
A1: I'm thinking about hiring some contracted help for the barn to free up some more time to offer my services. I want to know if it will be profitable or not to do so. I am paying myself 25% of what the business makes. It takes 5 hours a day to do "barn work" with 10 horses.
A3: # of Employees including self | B3: 2 | D3: Profit Per Service | F3: # of Each Service (Using Solver)
A4: Barn Hours | B4: 150 | D4: Lessons | E4: 60 | F4: 240
A5: Service Hours | B5: 240 | D5: Training | E5: 35 | F5: 0
A6: Barn Hour $/Hour | B6: 7 | D6: Board | E6: 25 | F6: 10
A7: Service Hours Pay | B7: =(E4*F4+E5*F5+E6*F6)*0.25 -> 3662.5
A10: Total Cost Per Month | B10: =B4*B6+B7 -> 4712.5
A11: Total Income Per Month | B11: =E4*F4+E5*F5+E6*F6 -> 14650
A12: Total Profit Per Month | B12: =B11-B10 -> 9937.5

Sheet Scenario Summary
B2: "To Contract Help or Not?" Scenario Summary
D3: Current Values: | E3: Only Self | F3: One Employee @ $10/hr | G3: One Employee @ $7/hr
E4: Created by Kaitlin on 9/25/2015 Modified by Kaitlin on 9/25/2015 | F4: Created by Kaitlin on 9/25/2015 Modified by Kaitlin on 9/25/2015 | G4: Created by Kaitlin on 9/25/2015 Modified by Kaitlin on 9/25/2015
B5: Changing Cells:
C6: Number of Employees Incl. Self | D6: 2 | E6: 1 | F6: 2 | G6: 2
C7: Barn Hours | D7: 150 | E7: 150 | F7: 150 | G7: 150
C8: Service Hours | D8: 240 | E8: 150 | F8: 240 | G8: 240
C9: $/Hour for Barn Hours | D9: 7 | E9: 0 | F9: 10 | G9: 7
C10: Number of Lessons | D10: 240 | E10: 150 | F10: 240 | G10: 240
C11: Number of Training Rides | D11: 0 | E11: 0 | F11: 0 | G11: 0
C12: Number of Horses | D12: 10 | E12: 10 | F12: 10 | G12: 10
B13: Result Cells:
C14: Total Expenses | D14: 4712.5 | E14: 2312.5 | F14: 5162.5 | G14: 4712.5
C15: Total Income | D15: 14650 | E15: 9250 | F15: 14650 | G15: 14650
C16: Total Profit | D16: 9937.5 | E16: 6937.5 | F16: 9487.5 | G16: 9937.5
B17: Notes: Current Values column represents values of changing cells at
B18: time Scenario Summary Report was created. Changing cells for each
B19: scenario are highlighted in gray.
